 Dungeon Crawl Stone Soup version 0.31-a0-486-g8d68a81214 (webtiles) character file.

Game seed: 8481977609980041778

48 CraigForest the Changeling (level 3, 0/15 HPs)
             Began as a Felid Shapeshifter on Aug 7, 2023.
             Killed by nerve-wracking pain
             ... invoked by an orc priest
              (9 damage)
             ... on level 3 of the Dungeon.
             The game lasted 00:02:35 (1320 turns).

CraigForest the Changeling (Felid Shapeshifter)     Turns: 1320, Time: 00:02:36

Health: 0/15       AC:  1    Str: 13    XL:     3   Next: 50%
Magic:  4/4        EV: 18    Int:  9    God:
Gold:   116        SH:  0    Dex: 16    Spells: 2/2 levels left
                                        Lives:  0   Deaths: 0

rFire   . .          .
                       - Unarmed
rCold   . . .        (shield unavailable)
rNeg    . . .        (body armour unavailable)
rPois   .            (helmet unavailable)
rElec   .            (cloak unavailable)
rCorr   .            (gloves unavailable)
SInv    +            (boots unavailable)
Will    .....        (no amulet)
Stlth   +            d - ring of flight
HPRegen 0.22/turn    (no ring)
MPRegen 0.09/turn

%: no passive effects
@: beast-form, flying, quick
A: beast (slay +2), very small, claws 1, fangs 3, see invisible, speed 1, shaggy
fur 1, stealthy paws, no weapons or thrown items, no armour, multi-lived
a: Begin Untransformation


You were on level 3 of the Dungeon.
You were a hulking beast.
You visited 1 branch of the dungeon, and saw 3 of its levels.

You collected 116 gold pieces.

Inventory:

Missiles
 i - a throwing net
Jewellery
 d - a ring of flight (left paw)
Talismans
 b - a beast talisman (active)
Scrolls
 f - a scroll of identify {unknown}
 g - a scroll of torment {unknown}
 h - a scroll of poison {unknown}
 j - a scroll of enchant armour {unknown}
 l - a scroll of enchant weapon {unknown}
 m - a scroll of amnesia {unknown}
Potions
 a - a potion of lignification
 c - 2 potions of curing {unknown}
 e - a potion of attraction {unknown}
 k - 3 potions of heal wounds {unknown}
 n - a potion of haste {unknown}


   Skills:
 + Level 1.0 Fighting
 + Level 3.4 Dodging
 + Level 3.7 Unarmed Combat
 + Level 3.8 Shapeshifting


You had 2 spell levels left.
You didn't know any spells.
Your spell library was empty.

Dungeon Overview and Level Annotations

Branches:
Dungeon (3/15)

Altars:


Innate Abilities, Weirdness & Mutations

You are a hulking beast.
Your limbs bulge with bestial killing power. (Slay +2)
You have sharp claws.
You have razor-sharp teeth.
You have supernaturally acute eyesight. (SInv)
You cover ground quickly. (Speed+)
You are covered in fur. (AC +1)
Your paws help you pounce on unaware monsters.
You are incapable of wielding weapons or throwing items.
You cannot wear armour.
You gain extra lives every three experience levels.


Message History

You scratch the adder.
The adder is lightly wounded.
The adder misses you.
You miss the adder. Your bite misses the adder.
The adder is lightly wounded.
The adder closely misses you.
You scratch the adder. You bite the adder.
The adder is severely wounded.
The adder bites you.
You claw the adder!
You kill the adder!
No target in view!
No target in view!
No target in view!
No target in view!
No target in view!
No target in view!
No target in view!
No target in view!
No target in view!
No target in view!
No target in view!
No target in view!
No target in view!
No target in view!
No target in view!
No target in view!
An orc priest and 2 orcs come into view.
An orc is wielding a +0 dagger of speed.
The orc priest shouts!
An orc comes into view. It is wielding a +0 short sword.
The orc priest mumbles some strange prayers to Beogh against you.
Pain shoots through your body! The orc priest closely misses you.
You claw the orc priest! Your bite misses the orc priest.
The orc priest is almost dead.
The orc priest invokes the aid of Beogh against you.
Pain shoots through your body!
Ouch! That really hurt!
You die... #oo

#.. #.# #..
#.# #.. #.#
#.. #.#
#####..####.#
.........##.#
####..##.##.##
#.....oh..#
#...#.#####
#...#...
#...#.##.#
#...####.##
#.........#
#..########
###.........
#....####.##


You could see an orc priest.

Vanquished Creatures
  An adder (D:3)
  3 dart slugs (D:1)
  An orc (D:3)
  5 bats
  2 endoplasms
  2 giant cockroaches
  6 goblins
  2 hobgoblins
  2 jackals (D:2)
  2 ball pythons (D:2)
  2 kobolds (D:1)
  A rat (D:1)
29 creatures vanquished.

Notes
Turn   | Place    | Note
-------+----------+-------------------------------------------
     0 | D:1      | CraigForest the Felid Shapeshifter began the quest for the
                  | Orb.
     0 | D:1      | Reached XP level 1. HP: 9/9 MP: 2/2
   169 | D:1      | Reached XP level 2. HP: 9/12 MP: 3/3
   896 | D:2      | Reached XP level 3. HP: 10/15 MP: 4/4
  1021 | D:2      | Found a faded altar of an unknown god.
  1320 | D:3      | Killed from afar by an orc priest

Illustrated notes

Levels and vault maps discovered:
D:1:      wander_arrival_lonely_grave, layout_loops_corners
D:2:      layout_rooms, ebering_ecumenical_altar_abandoned
D:3:      layout_basic

Skill      XL: |  1  2  3 |
---------------+----------+-----
Dodging        | 3 |  3.4
Fighting       | |  1.0
Unarmed Combat | |  3.7
Shapeshifting  | |  3.8

Action                     || total
---------------------------++-------
  Melee: Unarmed           ||    58
         Bite              ||     3
   Stab: Sleeping          ||     2
 Armour: Skin              ||     7
  Dodge: Dodged            ||    41

Table legend: (Time is in decaauts)
 A = Elapsed time spent in this place.
 B = Non-inter-level travel time spent in this place.
 C = Inter-level travel time spent in this place.
 D = Time resting spent in this place.
 E = Time spent auto-exploring this place.
 F = Levels seen in this place.
 G = Mean time per level.
                   A        B        C        D        E       F      G
               +--------+--------+--------+--------+--------+-----+--------+
         Total |   1086 |   1057 |     29 |      0 |    872 |   3 |  362.0 |
       Dungeon |   1086 |   1057 |     29 |      0 |    872 |   3 |  362.0 |
               +--------+--------+--------+--------+--------+-----+--------+

Top non-repeatable levels by time:
     D:1: 647 daAuts
     D:2: 348 daAuts
     D:3: 90 daAuts
